 Dungeon Crawl Stone Soup version 0.26-a0-638-gcca6ad1b57 (webtiles) character file.

Game seed: 14558401001019762990

293 Gottschkopf the Fighter (level 6, -2/112 HPs)
             Began as an Ogre Berserker on Sept 14, 2020.
             Was a Priest of Trog.
             Slain by a hound (4 damage)
             ... on level 4 of the Dungeon.
             The game lasted 00:04:39 (2930 turns).

Gottschkopf the Fighter (Ogre Berserker)            Turns: 2930, Time: 00:04:40

Health: -2/112     AC:  3    Str: 24    XL:     6   Next: 33%
Magic:  6/6        EV: 10    Int:  8    God:    Trog [***...]
Gold:   189        SH:  0    Dex:  8    Spells: 5/5 levels left

rFire    . . .     SeeInvis .   a - +0 hand axe
rCold    + + .     Faith    .   (no shield)
rNeg     . . .     Spirit   .   i - +0 robe
rPois    .         Reflect  .   (helmet restricted)
rElec    .         Harm     .   (no cloak)
rCorr    .         Rampage  .   (gloves unavailable)
MR       .....                  (boots unavailable)
Stlth    ..........             (no amulet)
HPRegen  0.28/turn              g - ring of protection from cold
MPRegen  0.10/turn              m - ring of protection from cold

@: berserking, very quick
A: large, unfitting armour, tough skin 1
a: Berserk, Trog's Hand, Renounce Religion


You were on level 4 of the Dungeon.
You worshipped Trog.
Trog was most pleased with you.
You visited 1 branch of the dungeon, and saw 4 of its levels.

You collected 189 gold pieces.

Inventory:

Hand Weapons
 a - a +0 hand axe (weapon)
 l - a +1 dagger of venom
 n - a +0 flail
Armour
 i - a +0 robe (worn)
Jewellery
 g - a ring of protection from cold (left hand)
 m - a ring of protection from cold (right hand)
Scrolls
 b - 2 scrolls of enchant weapon {unknown}
 c - 2 scrolls of blinking {unknown}
 e - a scroll of identify {unknown}
 f - a scroll of magic mapping {unknown}
 k - 2 scrolls of fear {unknown}
Potions
 d - a potion of might {unknown}
 h - a potion of lignification {unknown}
 j - 2 potions of cancellation {unknown}
 o - a potion of mutation {unknown}


   Skills:
 + Level 9.1 Fighting
 - Level 3.0 Axes
 - Level 2.6 Dodging


You had 5 spell levels left.
You didn't know any spells.
Your spell library was empty.

Dungeon Overview and Level Annotations

Branches:
Dungeon (4/15)
 Temple: D:4-7

Altars:
Nemelex Xobeh


Innate Abilities, Weirdness & Mutations

You are too large for most types of armour.
You have tough skin. (AC +1)


Message History

The worm is severely wounded.
The worm bites you!
* * * LOW HITPOINT WARNING * * *
The hound bites you.
* * * LOW HITPOINT WARNING * * *
You barely miss the worm.
The worm is severely wounded.
You hit the hound. The hound bites you but does no damage.
A red film seems to cover your vision as you go berserk!
You feel yourself moving faster!
You feel mighty! The hound bites you.
* * * LOW HITPOINT WARNING * * *
The hound bites you.
* * * LOW HITPOINT WARNING * * *
The worm bites you!
* * * LOW HITPOINT WARNING * * *
You slash the worm!
You kill the worm!
Trog accepts your kill.
You barely miss the hound. The hound bites you.
You die...

.. ......... ..
......(..
..##........
#.#.......... .
#.#..........
..!#............
......h.†.......
#.@......#
#......###
#....### #..<.#
#.....#..#
##.........
#......#....
.....#####.....
...$.. ....#


You could see a hound.

Vanquished Creatures
  2 big kobolds (D:3)
  An iguana (D:4)
  2 gnolls (D:3)
  2 worms
  A dart slug (D:1)
  3 leopard geckos
  2 orcs (D:3)
  8 bats
  4 giant cockroaches
  4 goblins
  10 hobgoblins
  9 jackals (D:1)
  26 kobolds
  A ball python (D:1)
  7 frilled lizards
  4 rats
86 creatures vanquished.

Notes
Turn   | Place    | Note
-------+----------+-------------------------------------------
     0 | D:1      | Gottschkopf the Ogre Berserker began the quest for the Orb.
     0 | D:1      | Reached XP level 1. HP: 24/24 MP: 1/1
    23 | D:1      | Reached XP level 2. HP: 22/33 MP: 2/2
    75 | D:1      | Reached skill level 5 in Fighting
   523 | D:1      | Reached XP level 3. HP: 40/42 MP: 3/3
   553 | D:1      | Reached ** piety under Trog
   971 | D:1      | Reached skill level 6 in Fighting
  1479 | D:2      | Found a sparkling altar of Nemelex Xobeh.
  1481 | D:2      | Reached XP level 4. HP: 48/53 MP: 4/4
  1818 | D:3      | Reached *** piety under Trog
  2119 | D:3      | Reached skill level 7 in Fighting
  2437 | D:3      | Noticed a big kobold
  2437 | D:3      | Noticed a big kobold
  2456 | D:3      | Killed a big kobold
  2456 | D:3      | Reached skill level 8 in Fighting
  2456 | D:3      | Reached XP level 5. HP: 18/63 MP: 5/5
  2458 | D:3      | Killed a big kobold
  2458 | D:3      | Reached XP level 6. HP: 19/74 MP: 6/6
  2922 | D:4      | Reached skill level 9 in Fighting
  2929 | D:4      | HP: 2/112 [worm (8)]
  2930 | D:4      | Slain by a hound

Illustrated notes

Levels and vault maps discovered:
D:1:      nzn_arrival_water_spiral, layout_loops_ring
D:2:      layout_rooms, lemuel_round_altar, nemelex_xobeh_ov_fountains_minmay
D:3:      minmay_goblin_kobold_castle, layout_loops_ring, minmay_joined_circles
D:4:      layout_cave_pools, makhleb_heckhound_becter, lemuel_doored_altar,
          minmay_temple_entry_trees, uniq_menkaure

Skill      XL: |  1  2  3  4  5  6 |
---------------+-------------------+-----
Fighting       | 5 6 8 9 |  9.1
Axes           | |  3.0
Dodging        | |  2.6

Action                   |  1- 3 |  4- 6 || total
-------------------------+-------+-------++-------
Melee: Hand axe          |   123 |    87 ||   210
       Dagger            |       |    46 ||    46
Invok: Berserk           |     2 |     2 ||     4
 Stab: Distracted        |     1 |       ||     1
       Sleeping          |     1 |       ||     1
Armor: Animal skin       |    35 |       ||    35
       Robe              |     8 |    25 ||    33
Dodge: Dodged            |    91 |    83 ||   174

Table legend: (Time is in decaauts)
 A = Elapsed time spent in this place.
 B = Non-inter-level travel time spent in this place.
 C = Inter-level travel time spent in this place.
 D = Time resting spent in this place.
 E = Time spent auto-exploring this place.
 F = Levels seen in this place.
 G = Mean time per level.
                   A        B        C        D        E       F      G
               +--------+--------+--------+--------+--------+-----+--------+
         Total |   2991 |   2986 |      5 |    798 |   1576 |   4 |  747.8 |
       Dungeon |   2991 |   2986 |      5 |    798 |   1576 |   4 |  747.8 |
               +--------+--------+--------+--------+--------+-----+--------+

Top non-repeatable levels by time:
     D:1: 1394 daAuts
     D:3: 1120 daAuts
     D:2: 448 daAuts
     D:4: 27 daAuts
